 Dungeon Crawl Stone Soup version 0.27-a0-899-ge2d0b17c59 (webtiles) character file.

Game seed: 9314516863333250955

101 robertstho the Chiller (level 4, -3/25 HPs)
             Began as a Deep Elf Ice Elementalist on Apr 5, 2021.
             Succumbed to an orc's poison
             ... on level 3 of the Dungeon.
             The game lasted 00:04:15 (2607 turns).

robertstho the Chiller (Deep Elf Ice Elementalist)  Turns: 2607, Time: 00:04:16

Health: -3/25      AC:  3    Str:  5    XL:     4   Next: 48%
Magic:  10/11      EV: 13    Int: 21    God:
Gold:   62         SH:  0    Dex: 15    Spells: 9/10 levels left

rFire    . . .     SeeInvis .   j - +0 long sword
rCold    . . .     Faith    .   (no shield)
rNeg     . . .     Spirit   .   a - +0 robe
rPois    .         Reflect  .   (no helmet)
rElec    .         Harm     .   (no cloak)
rCorr    .         Rampage  .   (no gloves)
Will     .....                  o - +0 pair of boots
Stlth    ++........             (no amulet)
HPRegen  0.08/turn              (no ring)
MPRegen  0.12/turn              (no ring)

@: lethally poisoned (-3 -> -32)
A: no striking features
a: no special abilities


You were on level 3 of the Dungeon.
You visited 1 branch of the dungeon, and saw 3 of its levels.

You collected 62 gold pieces.

Inventory:

Hand Weapons
 c - a +0 dagger
 j - a +0 long sword (weapon)
Armour
 a - a +0 robe (worn)
 o - a +0 pair of boots (worn)
Jewellery
 g - a ring of poison resistance
 h - a +4 ring of evasion
Scrolls
 b - 3 scrolls of teleportation {unknown}
 d - 2 scrolls of enchant weapon {unknown}
 e - a scroll of immolation {unknown}
 f - a scroll of brand weapon {unknown}
 i - a scroll of vulnerability {unknown}
 k - a scroll of identify {unknown}
 m - 3 scrolls of enchant armour {unknown}
Potions
 l - a potion of cancellation {unknown}
 n - a potion of might {unknown}


   Skills:
 * Level 1.0 Fighting
 + Level 0.2 Long Blades
 + Level 2.7 Dodging
 + Level 2.9 Stealth
 * Level 3.9 Spellcasting
 * Level 5.5 Ice Magic


You had 9 spell levels left.
You knew the following spells:

 Your Spells              Type           Power      Damage    Failure   Level
a - Freeze                Ice            100%       1d11      1%          1

Your spell library contained the following spells:

 Spells                   Type           Power      Damage    Failure   Level
 Frozen Ramparts          Ice            54%        1d7       3%          3
 Ozocubu's Armour         Ice            27%        N/A       3%          3
 Confusing Touch          Hex            4%         N/A       36%         3
 Gell's Gravitas          Tloc           2%         N/A       36%         3
 Hailstorm                Conj/Ice       15%        3d5       36%         4
 Summon Ice Beast         Ice/Summ       15%        N/A       36%         4
 Metabolic Englaciation   Hex/Ice        7%         N/A       71%         5
 Petrify                  Tmut/Erth      4%         N/A       77%         4
 Yara's Violent Unravell  Hex/Tmut       2%         3d3       98%         5


Dungeon Overview and Level Annotations

Branches:
Dungeon (3/15)

Altars:


Message History

An orc is nearby!
An orc is nearby!
An orc is nearby! 2 orcs come into view.
An orc is wielding a +2 dagger of venom.
The orc shouts!
The orc misses you.
You riposte.
The orc shouts!
You slash the orc!
You kill the orc!
Your Fighting skill increases to level 1!
The orc hits you with a +2 dagger of venom.
You are poisoned.
Things that are here:
a +0 flail; an orc corpse You hit the orc but do no damage.
You feel very sick.
The orc hits you with a +2 dagger of venom.
You are lethally poisoned!
The orc closely misses you.
You riposte.
You barely miss the orc. You hit the orc.
The orc is almost dead.
You feel very sick.
The orc hits you with a +2 dagger of venom.
* * * LOW HITPOINT WARNING * * *
You are more poisoned.
The orc misses you.
The orc hits you with a +2 dagger of venom.
* * * LOW HITPOINT WARNING * * *
You are more poisoned.
The orc closely misses you.
You riposte.
You hit the orc.
You kill the orc!
Casting: Freeze (safe; 1% risk of failure)
Confirm with . or Enter, or press ? or * to list all spells.
Aiming: Freeze (safe; 1% risk of failure)
Press: ? - help, Shift-Dir - straight line, f - orc
Aim: an orc, wielding a +2 dagger of venom and wearing a +0 ring mail You freeze the orc.
The orc is heavily wounded.
You die...

#########
###.......##
...........#
#...)....# #
#...o@...#.#
..#########.#.#
..............#
.#.###..###...###
#..# #.......
.#.#.#..##.........
.............###..#
.#..##..#....###..#
#. #..#.#........


You could see an orc.

Vanquished Creatures
  Jessica (D:2)
  2 adders (D:2)
  A dart slug (D:2)
  2 orcs (D:3)
  5 endoplasms (D:1)
  3 giant cockroaches
  5 goblins
  2 hobgoblins (D:2)
  7 jackals
  4 kobolds
  2 quokkas (D:1)
  6 ball pythons (D:1)
  2 bats (D:1)
  4 frilled lizards
  3 rats
49 creatures vanquished.

Notes
Turn   | Place    | Note
-------+----------+-------------------------------------------
     0 | D:1      | robertstho the Deep Elf Ice Elementalist began the quest
                  | for the Orb.
     0 | D:1      | Reached XP level 1. HP: 10/10 MP: 6/6
   470 | D:1      | Reached XP level 2. HP: 9/15 MP: 5/8
   665 | D:1      | Reached skill level 5 in Ice Magic
   933 | D:1      | Reached XP level 3. HP: 20/20 MP: 7/9
  2071 | D:2      | Noticed Jessica
  2085 | D:2      | Killed Jessica
  2086 | D:2      | Reached XP level 4. HP: 15/24 MP: 5/11
  2604 | D:3      | Reached skill level 1 in Fighting
  2607 | D:3      | Succumbed to an orc's poison

Illustrated notes

Levels and vault maps discovered:
D:1:      dpeg_arrival_central, layout_basic
D:2:      layout_loops_cross, chequers_serial_rivers_micro_b, uniq_jessica
D:3:      layout_basic, basic_ecumenical_altar, uniq_grinder

Skill      XL: |  1  2  3  4 |
---------------+-------------+-----
Ice Magic      | 5 |  5.5
Fighting       | 1 |  1.0
Long Blades    | |  0.2
Dodging        | |  2.7
Stealth        | |  2.9
Spellcasting   | |  3.9

Action                   |  1- 3 |  4- 6 || total
-------------------------+-------+-------++-------
Melee: Dagger            |    36 |       ||    36
       Long sword        |    17 |    11 ||    28
 Cast: Freeze            |    37 |     3 ||    40
  Use: Potion            |     2 |       ||     2
 Stab: Sleeping          |     8 |     1 ||     9
Armor: Robe              |    12 |     4 ||    16
Dodge: Dodged            |    45 |     9 ||    54
       Rpst.: Long sword |     7 |     5 ||    12

Table legend: (Time is in decaauts)
 A = Elapsed time spent in this place.
 B = Non-inter-level travel time spent in this place.
 C = Inter-level travel time spent in this place.
 D = Time resting spent in this place.
 E = Time spent auto-exploring this place.
 F = Levels seen in this place.
 G = Mean time per level.
                   A        B        C        D        E       F      G
               +--------+--------+--------+--------+--------+-----+--------+
         Total |   2617 |   2589 |     28 |     33 |   2199 |   3 |  872.3 |
       Dungeon |   2617 |   2589 |     28 |     33 |   2199 |   3 |  872.3 |
               +--------+--------+--------+--------+--------+-----+--------+

Top non-repeatable levels by time:
     D:2: 1289 daAuts
     D:1: 1285 daAuts
     D:3: 41 daAuts
